 Dungeon Crawl Stone Soup version 0.27-a0-1502-g47ed6a6988 (webtiles) character file.

Game seed: 3927211528890669129

886 funkygono the Covered (level 8, -14/48 HPs)
             Began as a Gargoyle Fighter on July 10, 2021.
             Blown up by Pikel (33 damage)
             ... with a mindburst bolt
             ... on level 5 of the Dungeon.
             The game lasted 00:09:36 (4153 turns).

funkygono the Covered (Gargoyle Fighter)            Turns: 4153, Time: 00:09:37

Health: -14/48     AC: 15    Str: 22    XL:     8   Next: 5%
Magic:  8/8        EV: 12    Int:  9    God:
Gold:   442        SH:  9    Dex:  9    Spells: 7/7 levels left

rFire    + . .     SeeInvis .   a - +1 flail
rCold    x . .     Faith    .   c - +0 kite shield
rNeg     + . .     Spirit   .   b - +0 scale mail
rPois    ∞         Reflect  .   t - +0 helmet
rElec    +         Harm     .   (no cloak)
rCorr    .         Rampage  .   m - +0 pair of gloves
Will     .....                  (no boots)
Stlth    ..........             s - amulet of regeneration
HPRegen  1.16/turn              q - ring of fire
MPRegen  0.11/turn              w - +4 ring of evasion

@: no status effects
A: sickness immunity, AC +5, negative energy resistance 1, electricity
resistance, torment resistance 1, petrification resistance
a: no special abilities


You were on level 5 of the Dungeon.
You visited 1 branch of the dungeon, and saw 5 of its levels.
You also visited: Ossuary.

You collected 442 gold pieces.

Inventory:

Hand Weapons
 a - a +1 flail (weapon)
 f - a +6 rapier of draining
Missiles
 e - 125 stones
 h - 6 silver javelins
 j - 24 poisoned darts
 u - 5 boomerangs (quivered)
Armour
 b - a +0 scale mail (worn)
 c - a +0 kite shield (worn)
 m - a +0 pair of gloves (worn)
 t - a +0 helmet (worn)
Magical Staves
 l - a staff of cold
 n - a staff of death
Jewellery
 q - a ring of fire (left hand)
 s - an amulet of regeneration (around neck)
 w - a +4 ring of evasion (right hand)
Wands
 d - a wand of digging (4)
 r - a wand of flame (18)
Scrolls
 o - a scroll of teleportation
 x - 3 scrolls of immolation
 y - a scroll of enchant weapon
 B - a scroll of magic mapping
 D - a scroll of fear
Potions
 g - a potion of degeneration {unknown}
 i - 3 potions of curing
 k - a potion of lignification {unknown}
 p - a potion of ambrosia {unknown}
 v - a potion of might
 z - 3 potions of mutation {unknown}
 A - a potion of flight {unknown}
 C - a potion of cancellation {unknown}
 E - 3 potions of magic
 F - a potion of attraction {unknown}


   Skills:
 + Level 4.1 Fighting
 + Level 4.7 Maces & Flails
 + Level 4.2 Throwing
 + Level 5.4 Armour
 + Level 1.1 Dodging
 + Level 4.9 Shields


You had 7 spell levels left.
You didn't know any spells.
Your spell library was empty.

Dungeon Overview and Level Annotations

Branches:
Dungeon (5/15)            Ossuary (visited)
 Temple: D:4-7

Altars:
Xom

Shops:
D:4 (

Annotations:
D:5 Pikel


Innate Abilities, Weirdness & Mutations

You are immune to sickness and miasma.
Your stone body is resilient. (AC +5)
You are immune to poison.
You resist negative energy. (rN+)
You are resistant to electric shocks. (rElec)
You are resistant to unholy torment.
You are immune to petrification.


Message History

Press: ? - help, Q - select action, (/) - cycle Shift-Dir - straight line, f - lemure
Aim: a lemure (51% to hit)
You throw a boomerang. The boomerang barely misses the lemure.
The lemure shouts!
Unknown command.
Throw: 5 boomerangs
Press: ? - help, Q - select action, (/) - cycle Shift-Dir - straight line, f - Pikel
Aim: Pikel, wielding a +2 whip of flaming, wearing a +2 robe of willpower and carrying a wand of mindburst (16) (51% to hit)
You throw a boomerang. The boomerang barely misses Pikel.
Unknown command.
Okay, then.
Pikel zaps a wand.
Your mind is blasted!
You barely miss Pikel.
Pikel hits you with a +2 whip of flaming.
Pikel burns you.
You sock Pikel!
Pikel is moderately wounded.
You block Pikel's attack. Pikel closely misses you.
Your shield and scale mail prevent you from hitting Pikel.
Pikel is moderately wounded.
Pikel hits you but does no damage.
You barely miss Pikel.
Pikel is moderately wounded.
Pikel zaps a wand.
Your mind is blasted!
Ouch! That really hurt!
You hit Pikel but do no damage.
Pikel is moderately wounded.
You block Pikel's attack. x2
You completely miss Pikel.
Pikel is moderately wounded.
Pikel misses you.
You hit Pikel.
Pikel is moderately wounded.
Pikel hits you with a +2 whip of flaming.
Pikel burns you.
You thump Pikel!
Pikel is heavily wounded.
Pikel closely misses you.
Pikel zaps a wand.
Your mind is blasted!
Ouch! That really hurt!
You die...

.. .5 .. ############ 5#
.8.8.8.8.8.## K# #
............# .#.##.#
.8.8.♣.8.8..#######5......
###########.....@K55.....#
#####...#####.######.....
#.............# ..#
#.###<..####.## #
#.###..## #.# #.#....# #.#
#.#....# #.# #.#..### #.#
#.#..# #.########


You could see Pikel and 3 lemures.

Vanquished Creatures
  Grinder (D:3)
  Menkaure (D:4)
  Duvessa (D:5)
  A necrophage (D:4)
  A black bear (D:4)
  Dowan (D:5)
  A centaur skeleton (D:4)
  A hound skeleton (D:5)
  8 mummies (Ossuary)
  A howler monkey skeleton (D:4)
  2 adders
  An ufetubus (D:4)
  A worm (D:2)
  3 dart slugs
  3 orcs (D:4)
  6 ball pythons
  6 endoplasms
  2 giant cockroaches
  A gnoll zombie (Ossuary)
  5 goblins
  3 hobgoblins
  2 jackals (D:4)
  6 kobolds
  2 quokkas
  6 bats
  5 frilled lizards
  A hobgoblin zombie (Ossuary)
  4 kobold zombies (Ossuary)
  2 orc zombies (Ossuary)
  2 rats (D:2)
80 creatures vanquished.

Notes
Turn   | Place    | Note
-------+----------+-------------------------------------------
     0 | D:1      | funkygono the Gargoyle Fighter began the quest for the Orb.
     0 | D:1      | Reached XP level 1. HP: 14/14 MP: 1/1
   101 | D:1      | Reached XP level 2. HP: 17/19 MP: 2/2
   383 | D:1      | Found a faded altar of an unknown god.
   812 | D:2      | Reached XP level 3. HP: 23/23 MP: 3/3
  1674 | D:3      | Reached skill level 1 in Throwing
  1797 | D:3      | Noticed Grinder
  1811 | D:3      | Killed Grinder
  1812 | D:3      | Reached skill level 4 in Armour
  1812 | D:3      | Reached XP level 4. HP: 7/29 MP: 4/4
  1812 | D:3      | Reached XP level 5. HP: 8/33 MP: 5/5
  1812 | D:3      | Reached XP level 6. HP: 10/38 MP: 6/6
  2689 | D:4      | Found Cylyl's Weapon Shoppe.
  2690 | D:4      | Found a shimmering altar of Xom.
  2700 | D:4      | Found a shimmering altar of Xom.
  2700 | D:4      | Found a shimmering altar of Xom.
  2701 | D:4      | Found a shimmering altar of Xom.
  2703 | D:4      | Found a shimmering altar of Xom.
  2892 | D:4      | Noticed a black bear
  2914 | D:4      | Killed a black bear
  3061 | D:4      | Noticed a necrophage
  3074 | D:4      | Killed a necrophage
  3075 | D:4      | Reached skill level 1 in Dodging
  3075 | D:4      | Reached XP level 7. HP: 36/42 MP: 7/7
  3552 | D:4      | Noticed Menkaure
  3563 | D:4      | Killed Menkaure
  3670 | D:5      | Entered Level 5 of the Dungeon
  3727 | D:5      | Noticed Duvessa
  3728 | D:5      | Noticed Dowan
  3756 | D:5      | Killed Duvessa
  3757 | D:5      | Reached skill level 5 in Armour
  3758 | D:5      | Killed Dowan
  3821 | D:5      | Found a sand-covered staircase.
  3826 | Ossuary  | Entered an ossuary
  3917 | Ossuary  | Reached XP level 8. HP: 48/48 MP: 8/8
  4139 | D:5      | Noticed Pikel
  4153 | D:5      | Blown up by Pikel

Illustrated notes

Levels and vault maps discovered:
D:1:      dpeg_arrival_rhombus, layout_basic,
          shapermc_ecumenical_altar_totnotflames
D:2:      layout_basic, amcnicky_mini_corridor_feature
D:3:      layout_basic, kennysheep_another_room, uniq_grinder
D:4:      minmay_evil_eye, layout_basic, xom_redecorated, serial_shops, shop,
          uniq_menkaure
D:5:      layout_loops_ring, nicolae_ossuary_entry_ruins, chequers_avenue,
          serial_bayou_ford_a, uniq_pikel, uniq_blork_the_orc, uniq_sigmund,
          uniq_duvessa

Skill      XL: |  1  2  3  4  5  6  7 |
---------------+----------------------+-----
Throwing       | 2 3 4 |  4.2
Maces & Flails | 3 4 |  4.7
Armour         | 4 5 |  5.4
Shields        | 4 |  4.9
Dodging        | 1 |  1.1
Fighting       | 4 |  4.1

Action                   |  1- 3 |  4- 6 |  7- 9 || total
-------------------------+-------+-------+-------++-------
Melee: Flail             |   115 |    36 |    78 ||   229
Throw: Stone             |    84 |       |       ||    84
       Boomerang         |    19 |    29 |    47 ||    95
  Use: Scroll            |     7 |       |     3 ||    10
       Potion            |     1 |       |     4 ||     5
Armor: Scale mail        |    67 |    20 |    24 ||   111
Dodge: Dodged            |    33 |    18 |    31 ||    82
Block: Kite shield       |    64 |    26 |    40 ||   130

Table legend: (Time is in decaauts)
 A = Elapsed time spent in this place.
 B = Non-inter-level travel time spent in this place.
 C = Inter-level travel time spent in this place.
 D = Time resting spent in this place.
 E = Time spent auto-exploring this place.
 F = Levels seen in this place.
 G = Mean time per level.
                   A        B        C        D        E       F      G
               +--------+--------+--------+--------+--------+-----+--------+
         Total |   4324 |   4173 |    151 |      0 |   3110 |   6 |  720.7 |
       Dungeon |   4042 |   3891 |    151 |      0 |   2990 |   5 |  808.4 |
       Ossuary |    282 |    282 |      0 |      0 |    120 |   1 |  282.0 |
               +--------+--------+--------+--------+--------+-----+--------+

Top non-repeatable levels by time:
     D:4: 1093 daAuts
     D:2: 1032 daAuts
     D:3: 976 daAuts
     D:1: 694 daAuts
 Ossuary: 282 daAuts
     D:5: 244 daAuts
